 Dungeon Crawl Stone Soup version 0.30.1-4-g462c640d31 (webtiles) character file.

Game seed: 2183262289732717495

76912 nonceun the Severer (level 15, -10/139 HPs)
             Began as a Minotaur Berserker on Sept 3, 2023.
             Was a High Priest of Trog.
             Mangled by Rupert
             ... wielding a +2 great mace of protection
              (31 damage)
             ... on level 14 of the Dungeon.
             The game lasted 01:22:14 (21278 turns).

nonceun the Severer (Minotaur Berserker)           Turns: 21278, Time: 01:22:15

Health: -10/139    AC: 26    Str: 26    XL:     15   Next: 13%
Magic:  0/4        EV: 12    Int: 10    God:    Trog [*****.]
Gold:   333        SH:  7    Dex:  9    Spells: 14/14 levels left

rFire   + . .        b - +0 broad axe (antimagic)
rCold   + + .        q - +0 buckler
rNeg    . . .        w - +2 chain mail {rPois}
rPois   +            N - +0 mask of the Dragon {Will+ Slay+3 SInv}
rElec   .            o - +0 cloak
rCorr   .            x - +0 pair of gloves
SInv    +            S - +3 pair of mountain boots {steadfast, rC+}
Will    ++++.        J - amulet of guardian spirit Stlth
                     G - ring of Okhlisk {rF+ AC+4}
HPRegen 1.43/turn    (no ring)
MPRegen 0.09/turn

%: guardian spirit
@: strong-willed, regenerating
A: horns 2, retaliatory headbutt, clever 1, cold resistance 1
a: Renounce Religion, Berserk, Trog's Hand, Brothers in Arms


You were on level 14 of the Dungeon.
You worshipped Trog.
Trog was extremely pleased with you.
You visited 3 branches of the dungeon, and saw 20 of its levels.
You visited the Abyss 1 time.

You collected 1508 gold pieces.
You spent 1175 gold pieces at shops.

Inventory:

Hand Weapons
 a - a +3 heavy war axe
 b - a +0 antimagic broad axe (weapon)
 t - a +5 demon trident of venom
 U - the +2 flail "Duhoy" {antimagic, rCorr Int+3}
   (You found it on level 3 of the Dungeon)

   Int:       It affects your intelligence (+3).
   rCorr:     It protects you from acid and corrosion.
 X - a +2 vampiric battleaxe
Armour
 o - a +0 cloak (worn)
 q - a +0 buckler (worn)
 w - a +2 chain mail of poison resistance (worn)
 x - a +0 pair of gloves (worn)
 B - a +0 plate armour
 N - the +0 mask of the Dragon (worn) {Will+ Slay+3 SInv}
   (You bought it in a shop on level 12 of the Dungeon)

   Slay:      It affects your accuracy & damage with ranged weapons and melee
   (+3).
   SInv:      It lets you see invisible.
   Will:      It increases your willpower.
 R - +0 acid dragon scales
 S - the +3 pair of mountain boots (worn) {steadfast, rC+}
   (You bought it in a shop on level 13 of the Dungeon)

   Steadfast: It prevents involuntary movement, except for blinking,
   teleportation, or banishment.
   rC:        It protects you from cold.
 V - a +0 tower shield
Jewellery
 e - a ring of flight
 F - a ring of ice
 G - the ring of Okhlisk (left hand) {rF+ AC+4}
   (You found it on level 8 of the Dungeon)

   [ring of protection]

   AC:        It affects your AC (+4).
   rF:        It protects you from fire.
 J - an amulet of guardian spirit (around neck)
Wands
 y - a wand of paralysis (28)
 z - a wand of digging (4)
 D - a wand of polymorph (23)
 I - a wand of iceblast (20)
 K - a wand of flame (22)
 M - a wand of mindburst (16)
 O - a wand of light (5)
Scrolls
 d - 6 scrolls of poison
 f - 7 scrolls of teleportation
 h - 5 scrolls of fear {unknown}
 k - 6 scrolls of enchant weapon
 p - 4 scrolls of fog {unknown}
 r - 2 scrolls of noise {unknown}
 s - 2 scrolls of immolation
 A - 4 scrolls of blinking
 C - 4 scrolls of magic mapping
 E - a scroll of enchant armour
 H - 2 scrolls of acquirement {unknown}
 L - a scroll of vulnerability
 W - 3 scrolls of amnesia {unknown}
Potions
 c - 5 potions of lignification
 g - 8 potions of curing
 i - 2 potions of cancellation
 j - 3 potions of degeneration {unknown}
 l - 7 potions of heal wounds
 m - 3 potions of resistance
 n - 2 potions of flight {unknown}
 u - 3 potions of attraction {unknown}
 v - 3 potions of haste
 Q - 4 potions of might
 T - 2 potions of ambrosia {unknown}
Miscellaneous
 P - a condenser vane


   Skills:
 + Level 14.7 Fighting
 - Level 18.0 Axes
 + Level 13.9 Armour
 - Level 12.0 Dodging
 + Level 13.6 Shields
 * Level 2.3 Evocations


You had 14 spell levels left.
You didn't know any spells.
Your spell library contained the following spells:

 Spells                   Type           Power      Damage    Failure   Level
 Freeze                   Ice            0%         1d3       80%         1
 Sandblast                Erth           0%         2d4       80%         1
 Summon Small Mammal      Summ           0%         N/A       80%         1
 Cigotuvi's Dreadful Rot  Necr/Pois/Air  0%         N/A       91%         2
 Ensorcelled Hibernation  Hex/Ice        0%         N/A       91%         2
 Passwall                 Tmut/Erth      0%         N/A       91%         2
 Sublimation of Blood     Necr           0%         N/A       91%         2
 Call Canine Familiar     Summ           0%         N/A       99%         3
 Frozen Ramparts          Ice            0%         1d1       99%         3
 Hailstorm                Conj/Ice       0%         3d3       99%         3
 Ignite Poison            Fire/Tmut/Pois 0%         N/A       99%         3
 Portal Projectile        Hex/Tloc       0%         N/A       99%         3
 Stone Arrow              Conj/Erth      0%         3d7       99%         3
 Summon Guardian Golem    Hex/Summ       0%         N/A       99%         3
 Swiftness                Air            0%         N/A       99%         3
 Vhi's Electric Charge    Tloc/Air       0%         N/A       99%         3
 Leda's Liquefaction      Hex/Erth       0%         N/A       100%        4
 Manifold Assault         Tloc           0%         N/A       100%        4
 Petrify                  Tmut/Erth      0%         N/A       100%        4
 Arcjolt                  Conj/Air       0%         1d10      100%        5
 Freezing Cloud           Conj/Ice/Air   0%         6-21      100%        5
 Irradiate                Conj/Tmut      0%         3d11      100%        5
 Summon Forest            Summ/Tloc      0%         N/A       100%        5
 Dispersal                Tloc           0%         N/A       100%        6
 Eringya's Noxious Bog    Tmut/Pois      0%         N/A       100%        6
 Malign Gateway           Summ/Tloc      0%         N/A       100%        7
 Summon Hydra             Summ           0%         N/A       100%        7
 Disjunction              Tloc           0%         N/A       100%        8
 Maxwell's Capacitive Co  Air            0%         ∞         100%        8
 Summon Horrible Things   Summ           0%         N/A       100%        8


Dungeon Overview and Level Annotations

Branches:
Dungeon (14/15)            Temple (0/1) D:6            Lair (5/5) D:11
 Shoals (0/4) Lair:2       Spider (0/4) Lair:3        Slime (0/5) Lair:5
    Orc (1/2) D:11         Vaults (0/5) D:14

Altars:
Hepliaklqana
Okawaru
Sif Muna
Wu Jian
Yredelemnul
The Shining One
Lugonu

Shops:
D:12 *   D:13 [   D:14 *

Portals:
Abyss: Lair:5

Annotations:
D:14 Rupert


Innate Abilities, Weirdness & Mutations

You have a pair of horns on your head.
You reflexively headbutt those who attack you in melee.
Your mind is acute. (Int +4, Str/Dex -1)
Your flesh is cold resistant. (rC+)


Message History

The cyan ugly thing basks in the mutagenic energy from its kin and changes!
The brown ugly thing pecks you!
You are splashed with acid!
You slash the brown ugly thing! You headbutt the brown ugly thing!
The brown ugly thing is almost dead.
You slash the brown ugly thing!
You kill the brown ugly thing!
Trog accepts your kill.
You block the brown ugly thing's attack.
Rupert rages.
You barely miss the brown ugly thing. You headbutt the brown ugly thing!
The brown ugly thing is moderately wounded.
The brown ugly thing engulfs you but does no damage.
You barely miss the brown ugly thing.
The brown ugly thing is moderately wounded.
You hit the brown ugly thing.
The brown ugly thing is moderately wounded.
You block the brown ugly thing's attack.
You slice the brown ugly thing!! You headbutt the brown ugly thing!
The brown ugly thing is almost dead.
The brown ugly thing engulfs you but does no damage.
You barely miss the brown ugly thing. You headbutt the brown ugly thing.
The brown ugly thing is almost dead.
The brown ugly thing engulfs you but does no damage.
You slice the brown ugly thing!!
You kill the brown ugly thing!
Trog accepts your kill.
Rupert hits you with a +2 great mace of protection!
You slice Rupert!! Your headbutt misses Rupert.
Rupert is lightly wounded.
Rupert barely misses you.
You hit Rupert. You headbutt Rupert!
Rupert is moderately wounded.
Rupert hits you with a +2 great mace of protection!!
You barely miss Rupert. Your headbutt misses Rupert.
Rupert is moderately wounded.
Rupert hits you with a +2 great mace of protection!!!
* * * LOW HITPOINT WARNING * * *
You fail to use your ability.
Rupert hits you with a +2 great mace of protection!!
You die...

##...........#.######.#
.......................
<.###.......#..........
#..###.....##..........
##.# #####.##..........
.# #............... .
...≈...§...###..
.....u...#@#
u....∩..e#@#
.........#.#
...#...≈.#..#
##........#.# ##......
.. #####.. ... #$. ...#
#.. ...# #.. ...#


You could see Rupert (berserk).

Vanquished Creatures
  Frances (D:14)
  Gastronok (D:8)
  Louise (D:13)
  Josephine (D:12)
  Harold (D:9)
  Fannar (D:12)
  2 catoblepae
  2 boulder beetles (D:11)
  2 dancing weapons (D:14)
  2 centaur warriors
  A two-headed ogre (D:11)
  A death knight (D:14)
  A tengu warrior (D:14)
  10 death yaks
  2 thrashing horrors (Lair:5)
  Nergalle (D:11)
  3 skysharks (Lair:4)
  Pikel (D:8)
  A phantasmal warrior (D:14)
  An orc knight (D:11)
  An orc sorcerer (Orc:1)
  4 cyclopes
  2 deep elf pyromancers
  8 ugly things
  A manticore (D:11)
  An elephant (Lair:2)
  7 black mambas
  A merfolk siren (Lair:2)
  3 smoke demons (Lair:5)
  2 gargoyles (D:12)
  4 komodo dragons
  6 rime drakes
  Psyche (D:10)
  A freezing wraith (D:14)
  An efreet (D:13)
  17 cane toads
  6 trolls
  An ancient zyme (Lair:5)
  A hornet (Lair:1)
  20 dream sheep
  3 polar bears
  Prince Ribbit (D:7)
  37 blink frogs
  5 large abominations (Lair:5)
  2 jumping spiders (Lair:3)
  11 slime creatures
  2 vampires (D:11)
  5 spriggans
  5 shadows
  10 wraiths
  2 ynoxinuls (Lair:5)
  4 wyverns
  3 chaos spawn (Lair:5)
  28 yaks
  3 vampire mosquitoes
  6 basilisks
  A steam dragon (D:7)
  Grum (D:8)
  A redback (Lair:3)
  Menkaure (D:6)
  Edmund (D:6)
  An acid dragon (D:11)
  A two-headed ogre zombie (D:11)
  10 water moccasins
  10 orc warriors
  3 black bears
  An ice beast (D:7)
  4 ogres
  2 sky beasts
  12 wolves
  13 centaurs
  4 lemures (D:8)
  A phantom (D:11)
  Blork the orc (D:6)
  8 small abominations (Lair:5)
  13 bullfrogs
  5 scorpions
  13 wights
  A troll zombie (D:11)
  8 killer bees
  The ghost of mkat the Charlatan, a weakling DgAr (D:3)
  8 howler monkeys
  4 jellies
  11 orc priests
  A hound (D:5)
  A jelly (shapeshifter) (Lair:5)
  A gnoll bouda (D:6)
  18 orc wizards
  Terence (D:2)
  12 hell rats
  6 ogre zombies (D:11)
  Robin (D:3)
  16 gnolls
  9 adders
  A shadow imp (D:6)
  3 white imps (D:7)
  An ufetubus (Abyss:1)
  3 worms (D:2)
  2 dart slugs (D:3)
  42 orcs
  5 endoplasms
  2 giant cockroaches
  13 goblins
  9 hobgoblins
  8 jackals
  2 quokkas
  3 ball pythons
  6 bats
  5 frilled lizards
  2 goblin skeletons (D:11)
  A goblin zombie (D:11)
  2 hobgoblin skeletons (D:11)
  3 hobgoblin zombies (D:11)
  8 kobolds
  3 orc skeletons (D:11)
  14 orc zombies (D:11)
  10 rats
605 creatures vanquished.

Vanquished Creatures (collateral kills)
  Sonja (D:12)
1 creature vanquished.

Vanquished Creatures (others)
  A wizard (D:14)
  An orc wizard (D:12)
2 creatures vanquished.

Grand Total: 608 creatures vanquished

Notes
Turn   | Place    | Note
-------+----------+-------------------------------------------
     0 | D:1      | nonceun the Minotaur Berserker began the quest for the Orb.
     0 | D:1      | Reached XP level 1. HP: 19/19 MP: 0/0
    41 | D:1      | Reached skill level 4 in Axes
    48 | D:1      | Reached XP level 2. HP: 23/26 MP: 1/1
   156 | D:1      | Reached ** piety under Trog
   159 | D:1      | Reached skill level 5 in Axes
   193 | D:1      | Reached XP level 3. HP: 31/31 MP: 2/2
   908 | D:2      | Reached skill level 1 in Shields
  1010 | D:2      | Noticed Terence
  1016 | D:2      | Killed Terence
  1017 | D:2      | Reached XP level 4. HP: 29/39 MP: 3/3
  1088 | D:2      | Reached skill level 6 in Axes
  1282 | D:3      | Noticed an ogre
  1286 | D:3      | Killed an ogre
  1287 | D:3      | Reached skill level 7 in Axes
  1287 | D:3      | Reached XP level 5. HP: 45/45 MP: 4/4
  1348 | D:3      | Found a runed translucent door.
  1348 | D:3      | Noticed mkat's ghost (weakling DgAr)
  1399 | D:3      | Identified the +2 flail "Duhoy" {antimagic, rCorr Int+3}
  1425 | D:3      | Killed mkat's ghost
  1556 | D:3      | Noticed Robin
  1559 | D:3      | Reached XP level 6. HP: 52/52 MP: 1/5
  1569 | D:3      | Killed Robin
  1866 | D:4      | Reached *** piety under Trog
  1975 | D:4      | Found a shimmering blue altar of Sif Muna.
  2437 | D:4      | Reached skill level 8 in Axes
  2480 | D:4      | Found a hazy altar of Hepliaklqana.
  2509 | D:4      | Reached XP level 7. HP: 60/60 MP: 2/6
  2661 | D:5      | Entered Level 5 of the Dungeon
  2782 | D:5      | Reached skill level 5 in Fighting
  2838 | D:5      | Found a basalt altar of Yredelemnul.
  2864 | D:5      | Found an ornate altar of the Wu Jian Council.
  2864 | D:5      | Found a glowing golden altar of the Shining One.
  3431 | D:6      | Found a staircase to the Ecumenical Temple.
  3461 | D:6      | Noticed Menkaure
  3467 | D:6      | Reached skill level 9 in Axes
  3472 | D:6      | Killed Menkaure
  3616 | D:6      | Reached XP level 8. HP: 59/68 MP: 7/7
  3618 | D:6      | Reached **** piety under Trog
  3659 | D:6      | Noticed Edmund
  3682 | D:6      | Killed Edmund
  3683 | D:6      | Reached skill level 5 in Shields
  4073 | D:6      | Noticed Blork the orc
  4077 | D:6      | Killed Blork the orc
  4095 | D:6      | Reached skill level 5 in Armour
  4447 | D:7      | Reached skill level 10 in Axes
  4541 | D:7      | Noticed Prince Ribbit
  4556 | D:7      | Killed Prince Ribbit
  4557 | D:7      | Reached XP level 9. HP: 55/78 MP: 8/8
  5119 | D:7      | Reached skill level 11 in Axes
  5119 | D:7      | Reached skill level 5 in Dodging
  5871 | D:8      | Noticed Grum
  5882 | D:8      | Killed Grum
  6084 | D:8      | Reached XP level 10. HP: 75/90 MP: 9/9
  6427 | D:8      | Noticed Pikel
  6573 | D:8      | Killed Pikel
  6574 | D:8      | Reached skill level 12 in Axes
  6574 | D:8      | Noticed Gastronok
  6630 | D:8      | Killed Gastronok
  6732 | D:8      | HP: 1/136 [slime creature (15)]
  7154 | D:8      | Identified the ring of Okhlisk {rF+ AC+4}
  7765 | D:9      | Noticed Harold
  7780 | D:9      | Killed Harold
  7781 | D:9      | Reached XP level 11. HP: 78/99 MP: 10/10
  8028 | D:9      | Reached skill level 13 in Axes
  8273 | D:10     | Entered Level 10 of the Dungeon
  8301 | D:10     | Reached skill level 10 in Fighting
  8679 | D:10     | Noticed Psyche
  8687 | D:10     | Killed Psyche
  9066 | D:11     | Noticed a green ugly thing
  9143 | D:11     | Killed a green ugly thing
  9153 | D:11     | Found a staircase to the Orcish Mines.
  9256 | D:11     | Noticed Nergalle
  9281 | D:11     | Killed Nergalle
  9494 | D:11     | Found a staircase to the Lair.
  9498 | D:11     | Reached ***** piety under Trog
  9504 | Lair:1   | Entered Level 1 of the Lair of Beasts
  9573 | Lair:1   | Reached skill level 14 in Axes
  9955 | Lair:1   | Noticed a catoblepas
  9964 | Lair:1   | Killed a catoblepas
  9965 | Lair:1   | Reached XP level 12. HP: 83/110 MP: 11/11
  9990 | Lair:1   | Reached skill level 10 in Armour
 10867 | Lair:2   | Reached skill level 10 in Shields
 11438 | Lair:2   | Found a staircase to the Shoals.
 11583 | Lair:2   | Reached skill level 15 in Axes
 11962 | Lair:3   | Found a hole to the Spider Nest.
 12668 | Lair:4   | Reached skill level 16 in Axes
 12669 | Lair:4   | Reached skill level 10 in Dodging
 12779 | Lair:4   | Reached XP level 13. HP: 103/116 MP: 12/12
 12852 | Lair:4   | Gained mutation: Armour fits poorly on your strangely
                  | shaped body. [potion of mutation]
 12852 | Lair:4   | Gained mutation: Your spells are a little easier to cast,
                  | but a little less powerful. [potion of mutation]
 12853 | Lair:4   | Lost mutation: Armour fits poorly on your strangely shaped
                  | body. [potion of mutation]
 12853 | Lair:4   | Lost mutation: Your spells are a little easier to cast, but
                  | a little less powerful. [potion of mutation]
 12853 | Lair:4   | Gained mutation: Your mind is acute. (Int +4, Str/Dex -1)
                  | [potion of mutation]
 12853 | Lair:4   | Gained mutation: Your flesh is cold resistant. (rC+)
                  | [potion of mutation]
 13684 | Lair:5   | Entered Level 5 of the Lair of Beasts
 13784 | Lair:5   | Received a gift from Trog
 14642 | Lair:5   | Reached skill level 17 in Axes
 14659 | Lair:5   | Reached XP level 14. HP: 113/129 MP: 13/13
 14761 | Lair:5   | Found a corrupted altar of Lugonu.
 14761 | Lair:5   | Found a one-way gate to the infinite horrors of the Abyss.
 15568 | Lair:5   | Found a staircase to the Slime Pits.
 17266 | Orc:1    | Entered Level 1 of the Orcish Mines
 17877 | D:12     | Found an iron altar of Okawaru.
 17894 | D:12     | Noticed Fannar
 17899 | D:12     | Noticed Josephine
 17914 | D:12     | Killed Josephine
 17936 | D:12     | Killed Fannar
 18097 | D:12     | Noticed Sonja
 18099 | D:12     | Found Tattengoo's General Store.
 18107 | Abyss:1  | Found a corrupted altar of Lugonu.
 18107 | Abyss:1  | Cast into level 1 of the Abyss (Sonja)
 18141 | D:12     | Escaped the Abyss
 18158 | D:12     | Killed Sonja
 18397 | D:12     | Bought a scroll of vulnerability for 60 gold pieces
 18397 | D:12     | Bought a potion of curing for 45 gold pieces
 18397 | D:12     | Bought the +0 mask of the Dragon {Will+ Slay+3 SInv} for
                  | 501 gold pieces
 18397 | D:12     | Found the +0 mask of the Dragon {Will+ Slay+3 SInv}
 18618 | D:12     | Received a gift from Trog
 18781 | D:12     | Reached skill level 18 in Axes
 19318 | D:13     | Found Tyib's Armour Shoppe.
 19329 | D:13     | Bought the +3 pair of mountain boots {steadfast, rC+} for
                  | 569 gold pieces
 19329 | D:13     | Found the +3 pair of mountain boots {steadfast, rC+}
 19578 | D:13     | Identified the +0 leather armour "Dehono" {MP-9 Int+5}
 20201 | D:14     | Noticed Frances
 20201 | D:14     | Noticed Louise
 20221 | D:13     | Killed Louise
 20375 | D:14     | Reached skill level 1 in Evocations
 20809 | D:14     | Reached XP level 15. HP: 139/139 MP: 14/14
 20813 | D:14     | Found a gate to the Vaults.
 20997 | D:14     | Killed Frances
 21231 | D:14     | Found Antystrydwo's Elemental Accessories.
 21256 | D:14     | Noticed Rupert
 21278 | D:14     | Mangled by Rupert

Illustrated notes

Levels and vault maps discovered:
D:1:      tekkud_arrival_beachfront_property, layout_rooms, nrook_mini_vaults
D:2:      layout_rooms, minmay_door_square, uniq_terence
D:3:      layout_rooms, hellmonk_ghost_happy_afterlife,
          grunt_decor_mini_mirrors, uniq_robin
D:4:      layout_basic, nzn_hepliaklqana_mist_gate, old_standard_altar
D:5:      layout_rooms, amethyst_overflow_temple_binary,
          mainiacjoe_overflow_catwalk, nicolae_sextant
D:6:      minmay_flawed_box, layout_gridville,
          minmay_temple_entry_gardened_gates, chequers_serial_rivers_room_a,
          chequers_serial_rivers_large_b, uniq_menkaure, uniq_blork_the_orc,
          uniq_edmund
D:7:      layout_loops_ring, lightli_corner_chamber, uniq_prince_ribbit1
D:8:      layout_cave_pools, uniq_gastronok, uniq_pikel, uniq_grum
D:9:      layout_irregular_city, uniq_harold
D:10:     layout_roguey, uniq_psyche
D:11:     layout_roguey, grunt_lair_entry_orc_guard_hut, zombieorc2_lemuel,
          uniq_nergalle
D:12:     layout_basic, serial_shops, shop, minivault_11,
          kennysheep_okawaru_gauntlet, uniq_fannar, uniq_josephine, uniq_sonja
D:13:     layout_stronghold, serial_shops, shop
D:14:     layout_rooms, erik_vaults_1, minmay_misc_feat_encased,
          nicolae_elemental_shop, uniq_frances, uniq_rupert, uniq_louise
Lair:1:   layout_loops_ring, chequers_serial_rivers_large_a, grunt_megastairs_2
Lair:2:   kb_forest_paths, layout_regular_city,
          minmay_shoals_entry_lonely_mermaid
Lair:3:   layout_roguey, spider_nest_entry_a
Lair:4:   layout_gridlike
Lair:5:   hellmonk_lair_end_abyssal_woods, layout_layer_cave, slime_entry_1,
          minmay_hedge_maze
Orc:1:    layout_diamond_mine, special_room [special_room_orc]

Skill      XL: |  1  2  3  4  5  6  7  8  9 10 11 12 13 14 15 |
---------------+----------------------------------------------+-----
Axes           | 4 5 7 8 9 10 11 12 14 16 17 18 | 18.0
Shields        | 1 2 3 4 5 6 8 9 11 12 13 | 13.6
Fighting       | 4 5 6 8 9 11 13 14 | 14.7
Armour         | 3 5 6 8 9 11 12 13 | 13.9
Dodging        | 4 5 7 8 10 11 12 | 12.0
Evocations     | 1 2 |  2.3

Action                     |  1- 3 |  4- 6 |  7- 9 | 10-12 | 13-15 || total
---------------------------+-------+-------+-------+-------+-------++-------
  Melee: Hand axe          |    79 |    36 |       |       |       ||   115
         Headbutt          |     6 |    26 |    49 |   104 |   125 ||   310
         Flail             |       |    99 |    95 |    76 |       ||   270
         War axe           |       |       |   221 |   483 |   545 ||  1249
         Broad axe         |       |       |       |       |   123 ||   123
 Invoke: Trog's Hand       |     1 |     1 |    10 |    13 |    19 ||    44
         Berserk           |       |     1 |     5 |     2 |     2 ||    10
         Brothers in Arms  |       |       |       |       |     1 ||     1
  Evoke: Wand              |       |       |     1 |       |       ||     1
    Use: Scroll            |       |       |       |     9 |     6 ||    15
         Potion            |       |       |       |       |     2 ||     2
 Armour: Animal skin       |     8 |       |       |       |       ||     8
         Ring mail         |     4 |       |       |       |       ||     4
         Scale mail        |       |    37 |       |       |       ||    37
         Chain mail        |       |       |   135 |   219 |   298 ||   652
  Dodge: Dodged            |    46 |    47 |   112 |   205 |   291 ||   701
  Block: Buckler           |     1 |    14 |    44 |   117 |   170 ||   346
